Pick #1

Connor Bedard
Pick #2

Leo Carlsson
Pick #3

Adam Fantilli
Pick #4

Matvei Michkov
Pick #5

David Reinbacher
Pick #6

William Smith
Pick #7

Zachary Benson
Pick #8

Ryan Leonard
Pick #9

Gabriel Perreault
Pick #10

Axel Sandin-Pellika
Pick #11

Daniil But
Pick #12

Dalibor Dvorsky
Pick #13

Quentin Musty
Pick #14

Brayden Yager
Pick #15

Dmitry Simashev
Pick #16

Colby Barlow
Pick #17

Andrew Cristall
Pick #18

Easton Cowan
Pick #19

Jacob Fowler
Pick #20

Oliver Moore
Pick #21

Oliver Bonk
Pick #22

Tom Willander
Pick #23

Calum Ritchie
Pick #24

Tanner Molendyk
Pick #25

Gavin Brindley
Pick #26

Nate Danielson
Pick #27

Pick #28

Pick #29

Pick #30

Pick #31

Pick #32

Pick #33

Pick #34

Pick #35

Pick #36

Pick #37

Pick #38

Pick #39

Pick #40

Pick #41

Pick #42

Pick #43

Pick #44

Pick #45

Pick #46

Pick #47

Pick #48

Pick #49

Pick #50

Pick #51

Pick #52

Pick #53

Pick #54

Pick #55

Pick #56

Pick #57

Pick #58

Pick #59

Pick #60

Pick #61

Pick #62

Pick #63

Pick #64

Pick #65

Pick #66

Pick #67

Pick #68

Pick #69

Pick #70

Pick #71

Pick #72

Pick #73

Pick #74

Pick #75

Pick #76

Pick #77

Pick #78

Pick #79

Pick #80

Pick #81

Pick #82

Pick #83

Pick #84

Pick #85

Pick #86

Pick #87

Pick #88

Pick #89

Pick #90

Pick #91

Pick #92

Pick #93

Pick #94

Pick #95

Pick #96

Pick #97

Pick #98

Pick #99

Pick #100

Pick #101

Pick #102

Pick #103

Pick #104

Pick #105

Pick #106

Pick #107

Pick #108

Pick #109

Pick #110

Pick #111

Pick #112

Pick #113

Pick #114

Pick #115

Pick #116

Pick #117

Pick #118

Pick #119

Pick #120

Pick #121

Pick #122

Pick #123

Pick #124

Pick #125

Pick #126

Pick #127

Pick #128

Pick #129

Pick #130

Full Scoreboard »»

Rangers vs Senators

Created - January 10, 2024 at 19:07

Goals
1 2 3 T
Rangers 2 0 0 2
Senators 5 2 0 7
Shots
1 2 3 T
Rangers 9 3 12 24
Senators 8 14 5 27

GoalsPenalties
1st period
1. Rangers , Casey Mittelstadt 9 (Jesse Puljujarvi 23, Martin Fehervary 12) at 0:12
2. Senators , Scott Laughton 10 (Andrew Copp 14, Anthony Cirelli 13) at 0:20
3. Senators , Sam Gagner 3 (Tomas Tatar 5, Christian Dvorak 8) at 0:38
4. Senators , Luke Glendening 2 (K'Andre Miller 16) at 5:05
5. Senators , Jake Walman 1 (Scott Laughton 14, Anthony Cirelli 14) at 12:17
6. Senators , Andrew Copp 11 (Scott Laughton 15, K'Andre Miller 17) at 18:50
7. Rangers , Artem Zub 8 (Martin Fehervary 13) at 19:53
No Penalty
2nd period
8. Senators , Anthony Cirelli 11 (Scott Laughton 16, Joel Eriksson Ek 16) at 9:28 (PP)
9. Senators , Luke Glendening 3 (Brock McGinn 5, Pius Suter 5) at 19:15
Ryan Lomberg (NYR) for Roughing (Minor) at 1:18
Artem Zub (NYR) for Hooking (Minor) at 8:15
3rd period
No Goal
Noah Hanifin (OTT) for Fighting (Major) at 7:39
Luke Kunin (NYR) for Fighting (Major) at 7:39
Erik Johnson (OTT) for Roughing (Minor) at 9:44
Goalie Stats
Arturs Silovs (NYR), 1 saves from 5 shots - (0.200), L, 2-1-0, 12:17 minutes
Logan Thompson (NYR), 19 saves from 22 shots - (0.864), 47:43 minutes
Sam Montembeault (OTT), 22 saves from 24 shots - (0.917), W, 7-8-1, 60:00 minutes
3 StarsOfficial
1 - Scott Laughton (OTT)
2 - Luke Glendening (OTT)
3 - Anthony Cirelli (OTT)
Referees : Brandon Blandina and Michael Markovic
Linesman : Brian Mach and Stephen Drain
Game Note
Christian Dvorak is injured at 11:27 of 1st period (Bruised Left Leg)
Logan Thompson enters game at 12:17 of 1st period
Noah Hanifin and Luke Kunin fight to a draw at 7:39 of 3rd period
Finance
Level 1 -- Attendance: 5815 (89.46%) -- Ticket Income $697,800
Level 2 -- Attendance: 4635 (92.70%) -- Ticket Income $417,150
Level 3 -- Attendance: 2367 (67.63%) -- Ticket Income $177,525
Level 4 -- Attendance: 2151 (68.22%) -- Ticket Income $107,550
Luxury Box -- Attendance: 718 (71.80%) -- Ticket Income $172,320
Game was played at the Canadian Tire Centre.
Total Attendance: 15686 (81.90%)
Total Ticket Income: $1,572,345
Other Income: $393,086
Total Income: $1,965,431



Team Name Goals Shots Shots Attemp Shots Blocked PIM HIT PP PK FO%
Rangers 22444139270 / 1 (0%)142%
Senators 7277347241 / 2 (50%)058%

Rangers
Player Name POS G A P +/- PIM HIT SHT SB MP PP MP PP SHT PK MP PK SHT FO% FOT
Adam ErneLW000-2020114:140:2600:1600% 0
Anthony BeauvillierLW0000001014:520:4700:0000% 1
Artem ZubD1011212420:350:4611:0500% 0
Caleb JonesD000-4021019:200:0001:0700% 0
Casey MittelstadtC1010004016:011:1210:00042% 19
Eric RobinsonLW000-2001014:190:0000:4700% 0
Jack QuinnRW000-1001014:200:4600:0000% 0
Jesse PuljujarviRW0110023015:320:0001:27067% 3
Juuso ParssinenC000-1032014:210:4700:00035% 17
Kent JohnsonC000-1003014:501:1210:00035% 17
Luke KuninC000-2531013:340:0001:45054% 13
Mario FerraroD000-1010620:401:1301:3600% 0
Martin FehervaryD0221030121:460:4602:1500% 0
Nick BoninoC000-1003016:030:0001:27040% 5
Nick PerbixD000-1020019:251:1300:2100% 0
Riley StillmanD000-4050118:130:0000:0000% 0
Ryan LombergLW000-1230014:190:0000:4200% 1
Yegor ChinakhovRW000-1002014:210:4700:00067% 3
Senators
Player Name POS G A P +/- PIM HIT SHT SB MP PP MP PP SHT PK MP PK SHT FO% FOT
Andrew CoppC1122003018:461:3100:12068% 22
Anthony CirelliC1232003118:481:4111:1400% 1
Brock McGinnLW011200209:410:0000:2900% 0
Christian DvorakC011100002:350:0000:00060% 5
Connor CliftonD0003070018:510:0000:4200% 0
Erik JohnsonD0003220018:220:0000:0000% 0
Jake WalmanD1013002120:491:4100:5900% 0
Joel Eriksson EkC011-1042020:031:4100:00060% 20
K'Andre MillerD0223020119:251:4101:0000% 0
Luke GlendeningC2022023010:300:0001:18071% 14
Matty BeniersC000-1022019:531:3100:00050% 2
Nikita KucherovRW000-1003019:531:3100:0000% 0
Noah HanifinD000-2511019:471:3110:0000% 0
Pius SuterC0112000016:490:0000:00031% 13
Rasmus AnderssonD000-2000022:441:3101:1700% 0
Sam GagnerC1011002011:220:0000:0000% 1
Scott LaughtonC1342031018:191:4100:450100% 1
Tomas TatarLW0111013111:220:0000:0000% 0



Play-by-Play

1st period


0:01 of 1st period - Jesse Puljujarvi wins face-off versus Matty Beniers in neutral zone.
0:12 of 1st period - Shot by Casey Mittelstadt.
0:12 of 1st period - Goal by Casey Mittelstadt - Rangers : 1 - Senators : 0.
0:13 of 1st period - Scott Laughton wins face-off versus Juuso Parssinen in neutral zone.
0:20 of 1st period - Shot by Andrew Copp.
0:20 of 1st period - Deflect By Scott Laughton.
0:20 of 1st period - Goal by Scott Laughton - Rangers : 1 - Senators : 1.
0:21 of 1st period - Luke Kunin wins face-off versus Christian Dvorak in neutral zone.
0:23 of 1st period - Caleb Jones is hit by Connor Clifton and loses puck.
0:36 of 1st period - Shot by Sam Gagner.
0:36 of 1st period - Shot Blocked by Adam Erne.
0:38 of 1st period - Shot by Sam Gagner.
0:38 of 1st period - Goal by Sam Gagner - Rangers : 1 - Senators : 2.
0:39 of 1st period - Luke Glendening wins face-off versus Kent Johnson in neutral zone.
0:52 of 1st period - Off-side.
0:53 of 1st period - Yegor Chinakhov wins face-off versus Andrew Copp in neutral zone.
1:05 of 1st period - Shot by Juuso Parssinen.
1:05 of 1st period - Shot Misses the Net.
1:30 of 1st period - Anthony Cirelli is hit by Juuso Parssinen and loses puck.
2:15 of 1st period - Nick Perbix is hit by Scott Laughton and loses puck.
2:57 of 1st period - Shot by Ryan Lomberg.
2:57 of 1st period - Shot Misses the Net.
3:09 of 1st period - Shot by Nick Bonino.
3:09 of 1st period - Stopped by Sam Montembeault with a rebound.
3:11 of 1st period - Shot by Riley Stillman.
3:11 of 1st period - Shot Misses the Net.
3:13 of 1st period - Shot by Ryan Lomberg.
3:13 of 1st period - Shot Blocked by Jake Walman.
3:22 of 1st period - Shot by Ryan Lomberg.
3:22 of 1st period - Deflect By Nick Bonino.
3:22 of 1st period - Stopped by Sam Montembeault with a rebound.
3:32 of 1st period - Matty Beniers is hit by Luke Kunin and loses puck.
4:16 of 1st period - Nick Perbix is hit by Joel Eriksson Ek and loses puck.
4:30 of 1st period - Shot by Jack Quinn.
4:30 of 1st period - Stopped by Sam Montembeault without a rebound.
4:31 of 1st period - Casey Mittelstadt wins face-off versus Christian Dvorak in Senators zone.
4:57 of 1st period - Icing by Caleb Jones.
4:58 of 1st period - Luke Glendening wins face-off versus Casey Mittelstadt in Rangers zone.
5:05 of 1st period - Shot by Luke Glendening.
5:05 of 1st period - Goal by Luke Glendening - Rangers : 1 - Senators : 3.
5:06 of 1st period - Luke Glendening wins face-off versus Kent Johnson in neutral zone.
5:39 of 1st period - Shot by Pius Suter.
5:39 of 1st period - Shot Misses the Net.
5:46 of 1st period - Off-side.
5:47 of 1st period - Christian Dvorak wins face-off versus Luke Kunin in neutral zone.
6:50 of 1st period - Juuso Parssinen is hit by Connor Clifton and loses puck.
6:56 of 1st period - Jack Quinn is hit by Connor Clifton and loses puck.
7:09 of 1st period - Shot by Juuso Parssinen.
7:09 of 1st period - Stopped by Sam Montembeault without a rebound.
7:10 of 1st period - Luke Glendening wins face-off versus Casey Mittelstadt in Senators zone.
7:19 of 1st period - Shot by Brock McGinn.
7:19 of 1st period - Shot Misses the Net.
7:21 of 1st period - Shot by Brock McGinn.
7:21 of 1st period - Shot Misses the Net.
7:23 of 1st period - Shot by Pius Suter.
7:23 of 1st period - Shot Misses the Net.
7:35 of 1st period - Shot by Pius Suter.
7:35 of 1st period - Shot Misses the Net.
7:37 of 1st period - Shot by Luke Glendening.
7:37 of 1st period - Shot Blocked by Mario Ferraro.
7:39 of 1st period - Shot by Brock McGinn.
7:39 of 1st period - Shot Misses the Net.
8:16 of 1st period - Icing by Erik Johnson.
8:17 of 1st period - Luke Kunin wins face-off versus Luke Glendening in Senators zone.
8:31 of 1st period - Luke Glendening is hit by Caleb Jones and loses puck.
9:03 of 1st period - Icing by Adam Erne.
9:04 of 1st period - Luke Kunin wins face-off versus Andrew Copp in Rangers zone.
9:17 of 1st period - Icing by Scott Laughton.
9:18 of 1st period - Juuso Parssinen wins face-off versus Andrew Copp in Senators zone.
9:28 of 1st period - Jack Quinn is hit by Scott Laughton and loses puck.
10:28 of 1st period - Shot by Joel Eriksson Ek.
10:28 of 1st period - Shot Misses the Net.
10:30 of 1st period - Shot by Matty Beniers.
10:30 of 1st period - Deflect By Joel Eriksson Ek.
10:30 of 1st period - Shot Misses the Net.
10:34 of 1st period - Shot by Joel Eriksson Ek.
10:34 of 1st period - Deflect By Nikita Kucherov.
10:34 of 1st period - Stopped by Arturs Silovs without a rebound.
10:35 of 1st period - Kent Johnson wins face-off versus Sam Gagner in Rangers zone.
11:22 of 1st period - Icing by Erik Johnson.
11:23 of 1st period - Christian Dvorak wins face-off versus Casey Mittelstadt in Senators zone.
11:25 of 1st period - Icing by K'Andre Miller.
11:26 of 1st period - Christian Dvorak wins face-off versus Casey Mittelstadt in Senators zone.
11:26 of 1st period - Christian Dvorak is hit by Riley Stillman.
11:27 of 1st period - Christian Dvorak from Senators is injured at 11:27 of 1st period (Bruised Left Leg).
11:28 of 1st period - Joel Eriksson Ek wins face-off versus Casey Mittelstadt in Senators zone.
11:28 of 1st period - Matty Beniers is hit by Jesse Puljujarvi.
11:35 of 1st period - Matty Beniers is hit by Caleb Jones and loses puck.
12:07 of 1st period - Shot by Casey Mittelstadt.
12:07 of 1st period - Stopped by Sam Montembeault without a rebound.
12:08 of 1st period - Andrew Copp wins face-off versus Kent Johnson in Senators zone.
12:17 of 1st period - Shot by Jake Walman.
12:17 of 1st period - Goal by Jake Walman - Rangers : 1 - Senators : 4.
12:17 of 1st period - Logan Thompson enters game.
12:18 of 1st period - Andrew Copp wins face-off versus Luke Kunin in neutral zone.
12:18 of 1st period - Andrew Copp is hit by Luke Kunin.
12:44 of 1st period - Anthony Cirelli is hit by Luke Kunin and loses puck.
14:33 of 1st period - Shot by Anthony Beauvillier.
14:33 of 1st period - Shot Misses the Net.
14:42 of 1st period - Off-side.
14:43 of 1st period - Andrew Copp wins face-off versus Juuso Parssinen in neutral zone.
15:15 of 1st period - Anthony Cirelli is hit by Artem Zub and loses puck.
15:21 of 1st period - Anthony Cirelli is hit by Martin Fehervary and loses puck.
15:31 of 1st period - Icing by Martin Fehervary.
15:32 of 1st period - Matty Beniers wins face-off versus Juuso Parssinen in Rangers zone.
15:45 of 1st period - Shot by Nikita Kucherov.
15:45 of 1st period - Stopped by Logan Thompson without a rebound.
15:46 of 1st period - Luke Glendening wins face-off versus Luke Kunin in Rangers zone.
16:00 of 1st period - Luke Kunin is hit by K'Andre Miller and loses puck.
16:57 of 1st period - Icing by Caleb Jones.
16:58 of 1st period - Andrew Copp wins face-off versus Kent Johnson in Rangers zone.
16:58 of 1st period - Tomas Tatar is hit by Riley Stillman and loses puck.
17:05 of 1st period - Andrew Copp is hit by Ryan Lomberg and loses puck.
17:14 of 1st period - Shot by Kent Johnson.
17:14 of 1st period - Stopped by Sam Montembeault without a rebound.
17:15 of 1st period - Joel Eriksson Ek wins face-off versus Casey Mittelstadt in Senators zone.
18:17 of 1st period - Shot by Yegor Chinakhov.
18:17 of 1st period - Stopped by Sam Montembeault without a rebound.
18:18 of 1st period - Andrew Copp wins face-off versus Luke Kunin in Senators zone.
18:18 of 1st period - Anthony Cirelli is hit by Adam Erne.
18:27 of 1st period - Andrew Copp is hit by Riley Stillman and loses puck.
18:40 of 1st period - Shot by Anthony Cirelli.
18:40 of 1st period - Shot Misses the Net.
18:48 of 1st period - Shot by Scott Laughton.
18:48 of 1st period - Shot Misses the Net.
18:50 of 1st period - Shot by Andrew Copp.
18:50 of 1st period - Goal by Andrew Copp - Rangers : 1 - Senators : 5.
18:51 of 1st period - Kent Johnson wins face-off versus Pius Suter in neutral zone.
18:55 of 1st period - Shot by Ryan Lomberg.
18:55 of 1st period - Shot Misses the Net.
18:57 of 1st period - Shot by Kent Johnson.
18:57 of 1st period - Shot Misses the Net.
19:23 of 1st period - Shot by Pius Suter.
19:23 of 1st period - Deflect By Tomas Tatar.
19:23 of 1st period - Stopped by Logan Thompson without a rebound.
19:24 of 1st period - Andrew Copp wins face-off versus Juuso Parssinen in Rangers zone.
19:51 of 1st period - Shot by Martin Fehervary.
19:51 of 1st period - Shot Misses the Net.
19:53 of 1st period - Shot by Artem Zub.
19:53 of 1st period - Goal by Artem Zub - Rangers : 2 - Senators : 5.
19:54 of 1st period - Joel Eriksson Ek wins face-off versus Casey Mittelstadt in neutral zone.
19:59 of 1st period - Shot by Nikita Kucherov.
19:59 of 1st period - Shot Misses the Net.
Goals for this period are 2 for Rangers vs 5 for Senators.
Shots for this period are 9 for Rangers vs 8 for Senators.

2nd period


0:01 of 2nd period - Casey Mittelstadt wins face-off versus Joel Eriksson Ek in neutral zone.
0:01 of 2nd period - Casey Mittelstadt is hit by Matty Beniers.
0:11 of 2nd period - Shot by Joel Eriksson Ek.
0:11 of 2nd period - Stopped by Logan Thompson with a rebound.
0:19 of 2nd period - Shot by Joel Eriksson Ek.
0:19 of 2nd period - Shot Misses the Net.
0:21 of 2nd period - Shot by K'Andre Miller.
0:21 of 2nd period - Shot Misses the Net.
0:23 of 2nd period - Shot by Joel Eriksson Ek.
0:23 of 2nd period - Shot Misses the Net.
0:25 of 2nd period - Shot by K'Andre Miller.
0:25 of 2nd period - Shot Blocked by Mario Ferraro.
0:27 of 2nd period - Shot by Matty Beniers.
0:27 of 2nd period - Stopped by Logan Thompson with a rebound.
0:37 of 2nd period - Shot by Matty Beniers.
0:37 of 2nd period - Stopped by Logan Thompson without a rebound.
0:38 of 2nd period - Andrew Copp wins face-off versus Luke Kunin in Rangers zone.
1:09 of 2nd period - Shot by Luke Kunin.
1:09 of 2nd period - Stopped by Sam Montembeault without a rebound.
1:10 of 2nd period - Luke Glendening wins face-off versus Kent Johnson in Senators zone.
1:18 of 2nd period - Minor Penalty to Ryan Lomberg for Roughing.
1:19 of 2nd period - Nick Bonino wins face-off versus Andrew Copp in Rangers zone.
1:59 of 2nd period - Off-side.
2:00 of 2nd period - Joel Eriksson Ek wins face-off versus Nick Bonino in neutral zone.
2:17 of 2nd period - Luke Kunin is hit by Joel Eriksson Ek and loses puck.
2:54 of 2nd period - Nick Bonino is hit by Scott Laughton and loses puck.
3:42 of 2nd period - Icing by Rasmus Andersson.
3:43 of 2nd period - Pius Suter wins face-off versus Kent Johnson in Senators zone.
3:56 of 2nd period - Shot by Tomas Tatar.
3:56 of 2nd period - Shot Misses the Net.
4:20 of 2nd period - Kent Johnson is hit by Joel Eriksson Ek and loses puck.
4:31 of 2nd period - Shot by Joel Eriksson Ek.
4:31 of 2nd period - Stopped by Logan Thompson without a rebound.
4:32 of 2nd period - Andrew Copp wins face-off versus Juuso Parssinen in Rangers zone.
4:49 of 2nd period - Shot by Scott Laughton.
4:49 of 2nd period - Shot Blocked by Artem Zub.
4:59 of 2nd period - Shot by Anthony Cirelli.
4:59 of 2nd period - Shot Misses the Net.
5:11 of 2nd period - Shot by Andrew Copp.
5:11 of 2nd period - Shot Misses the Net.
5:18 of 2nd period - Icing by Martin Fehervary.
5:19 of 2nd period - Pius Suter wins face-off versus Juuso Parssinen in Rangers zone.
5:48 of 2nd period - Shot by Pius Suter.
5:48 of 2nd period - Shot Blocked by Mario Ferraro.
5:50 of 2nd period - Shot by Brock McGinn.
5:50 of 2nd period - Shot Misses the Net.
5:58 of 2nd period - Shot by K'Andre Miller.
5:58 of 2nd period - Shot Misses the Net.
6:00 of 2nd period - Shot by Pius Suter.
6:00 of 2nd period - Shot Misses the Net.
6:02 of 2nd period - Shot by Luke Glendening.
6:02 of 2nd period - Deflect By Brock McGinn.
6:02 of 2nd period - Shot Misses the Net.
6:11 of 2nd period - Mario Ferraro is hit by Noah Hanifin and loses puck.
6:40 of 2nd period - Shot by Joel Eriksson Ek.
6:40 of 2nd period - Shot Blocked by Mario Ferraro.
6:48 of 2nd period - Joel Eriksson Ek is hit by Jesse Puljujarvi and loses puck.
7:56 of 2nd period - Eric Robinson is hit by Tomas Tatar.
8:14 of 2nd period - Icing by Artem Zub.
8:15 of 2nd period - Joel Eriksson Ek wins face-off versus Kent Johnson in Rangers zone.
8:15 of 2nd period - Minor Penalty to Artem Zub for Hooking.
8:16 of 2nd period - Andrew Copp wins face-off versus Luke Kunin in Rangers zone.
8:27 of 2nd period - Shot by Andrew Copp.
8:27 of 2nd period - Shot Misses the Net.
8:55 of 2nd period - Shot by Nikita Kucherov.
8:55 of 2nd period - Shot Misses the Net.
8:57 of 2nd period - Shot by Noah Hanifin.
8:57 of 2nd period - Stopped by Logan Thompson without a rebound.
8:58 of 2nd period - Joel Eriksson Ek wins face-off versus Nick Bonino in Rangers zone.
9:18 of 2nd period - Icing by Anthony Cirelli.
9:19 of 2nd period - Joel Eriksson Ek wins face-off versus Nick Bonino in Senators zone.
9:28 of 2nd period - Shot by Anthony Cirelli.
9:28 of 2nd period - Goal by Anthony Cirelli - Rangers : 2 - Senators : 6.
9:29 of 2nd period - Juuso Parssinen wins face-off versus Pius Suter in neutral zone.
10:21 of 2nd period - Icing by Juuso Parssinen.
10:22 of 2nd period - Juuso Parssinen wins face-off versus Joel Eriksson Ek in Rangers zone.
10:38 of 2nd period - Nikita Kucherov is hit by Martin Fehervary and loses puck.
11:21 of 2nd period - Icing by Martin Fehervary.
11:22 of 2nd period - Kent Johnson wins face-off versus Andrew Copp in Rangers zone.
12:11 of 2nd period - Eric Robinson is hit by Connor Clifton.
12:40 of 2nd period - Tomas Tatar is hit by Nick Perbix and loses puck.
12:44 of 2nd period - Sam Gagner is hit by Nick Perbix and loses puck.
13:31 of 2nd period - Shot by Jesse Puljujarvi.
13:31 of 2nd period - Stopped by Sam Montembeault with a rebound.
13:33 of 2nd period - Shot by Jesse Puljujarvi.
13:33 of 2nd period - Shot Misses the Net.
13:36 of 2nd period - Casey Mittelstadt is hit by Erik Johnson and loses puck.
13:45 of 2nd period - Shot by Casey Mittelstadt.
13:45 of 2nd period - Shot Misses the Net.
13:47 of 2nd period - Shot by Jesse Puljujarvi.
13:47 of 2nd period - Shot Misses the Net.
13:50 of 2nd period - Casey Mittelstadt is hit by Erik Johnson and loses puck.
14:12 of 2nd period - Icing by Jesse Puljujarvi.
14:13 of 2nd period - Casey Mittelstadt wins face-off versus Anthony Cirelli in Rangers zone.
14:21 of 2nd period - Shot by Anthony Cirelli.
14:21 of 2nd period - Deflect By Andrew Copp.
14:21 of 2nd period - Shot Blocked by Artem Zub.
14:24 of 2nd period - Scott Laughton is hit by Martin Fehervary and loses puck.
14:35 of 2nd period - Shot by Anthony Cirelli.
14:35 of 2nd period - Shot Misses the Net.
14:37 of 2nd period - Shot by Andrew Copp.
14:37 of 2nd period - Stopped by Logan Thompson with a rebound.
14:39 of 2nd period - Shot by Scott Laughton.
14:39 of 2nd period - Shot Misses the Net.
14:41 of 2nd period - Shot by Anthony Cirelli.
14:41 of 2nd period - Deflect By Andrew Copp.
14:41 of 2nd period - Shot Blocked by Artem Zub.
14:43 of 2nd period - Shot by Andrew Copp.
14:43 of 2nd period - Shot Misses the Net.
15:02 of 2nd period - Icing by Martin Fehervary.
15:03 of 2nd period - Casey Mittelstadt wins face-off versus Pius Suter in Rangers zone.
15:32 of 2nd period - Shot by Tomas Tatar.
15:32 of 2nd period - Stopped by Logan Thompson without a rebound.
15:33 of 2nd period - Joel Eriksson Ek wins face-off versus Yegor Chinakhov in Rangers zone.
15:52 of 2nd period - Shot by Juuso Parssinen.
15:52 of 2nd period - Stopped by Sam Montembeault without a rebound.
15:53 of 2nd period - Andrew Copp wins face-off versus Kent Johnson in Senators zone.
16:06 of 2nd period - Shot by Anthony Cirelli.
16:06 of 2nd period - Stopped by Logan Thompson with a rebound.
16:20 of 2nd period - Shot by Scott Laughton.
16:20 of 2nd period - Shot Blocked by Mario Ferraro.
16:28 of 2nd period - Shot by Andrew Copp.
16:28 of 2nd period - Stopped by Logan Thompson without a rebound.
16:29 of 2nd period - Joel Eriksson Ek wins face-off versus Juuso Parssinen in Rangers zone.
16:44 of 2nd period - Riley Stillman is hit by Connor Clifton.
17:07 of 2nd period - Yegor Chinakhov is hit by Connor Clifton and loses puck.
17:24 of 2nd period - Icing by Martin Fehervary.
17:25 of 2nd period - Luke Kunin wins face-off versus Pius Suter in Rangers zone.
17:25 of 2nd period - Luke Kunin is hit by Luke Glendening.
17:30 of 2nd period - Artem Zub is hit by K'Andre Miller and loses puck.
17:39 of 2nd period - Shot by Luke Glendening.
17:39 of 2nd period - Stopped by Logan Thompson with a rebound.
17:41 of 2nd period - Shot by Brock McGinn.
17:41 of 2nd period - Shot Blocked by Martin Fehervary.
17:43 of 2nd period - Shot by Brock McGinn.
17:43 of 2nd period - Stopped by Logan Thompson without a rebound.
17:44 of 2nd period - Andrew Copp wins face-off versus Kent Johnson in Rangers zone.
18:22 of 2nd period - Scott Laughton is hit by Mario Ferraro and loses puck.
19:05 of 2nd period - Shot by Nikita Kucherov.
19:05 of 2nd period - Stopped by Logan Thompson without a rebound.
19:06 of 2nd period - Luke Glendening wins face-off versus Juuso Parssinen in Rangers zone.
19:07 of 2nd period - Shot by Pius Suter.
19:07 of 2nd period - Shot Blocked by Riley Stillman.
19:09 of 2nd period - Shot by Pius Suter.
19:09 of 2nd period - Shot Misses the Net.
19:11 of 2nd period - Shot by Luke Glendening.
19:11 of 2nd period - Shot Misses the Net.
19:13 of 2nd period - Shot by Brock McGinn.
19:13 of 2nd period - Shot Misses the Net.
19:15 of 2nd period - Shot by Luke Glendening.
19:15 of 2nd period - Goal by Luke Glendening - Rangers : 2 - Senators : 7.
19:16 of 2nd period - Joel Eriksson Ek wins face-off versus Casey Mittelstadt in neutral zone.
19:36 of 2nd period - Icing by Erik Johnson.
19:37 of 2nd period - Joel Eriksson Ek wins face-off versus Juuso Parssinen in Senators zone.
19:43 of 2nd period - Erik Johnson is hit by Juuso Parssinen and loses puck.
Goals for this period are 0 for Rangers vs 2 for Senators.
Shots for this period are 3 for Rangers vs 14 for Senators.

3rd period


0:01 of 3rd period - Pius Suter wins face-off versus Kent Johnson in neutral zone.
0:03 of 3rd period - Off-side.
0:04 of 3rd period - Kent Johnson wins face-off versus Pius Suter in neutral zone.
0:29 of 3rd period - Shot by Jake Walman.
0:29 of 3rd period - Stopped by Logan Thompson without a rebound.
0:30 of 3rd period - Luke Kunin wins face-off versus Joel Eriksson Ek in Rangers zone.
0:30 of 3rd period - Eric Robinson is hit by Joel Eriksson Ek and loses puck.
0:41 of 3rd period - Icing by Joel Eriksson Ek.
0:42 of 3rd period - Jesse Puljujarvi wins face-off versus Joel Eriksson Ek in Senators zone.
0:43 of 3rd period - Shot by Casey Mittelstadt.
0:43 of 3rd period - Stopped by Sam Montembeault without a rebound.
0:44 of 3rd period - Luke Glendening wins face-off versus Jesse Puljujarvi in Senators zone.
0:57 of 3rd period - Shot by Jesse Puljujarvi.
0:57 of 3rd period - Stopped by Sam Montembeault without a rebound.
0:58 of 3rd period - Juuso Parssinen wins face-off versus Pius Suter in Senators zone.
2:30 of 3rd period - Shot by Eric Robinson.
2:30 of 3rd period - Shot Misses the Net.
2:50 of 3rd period - Shot by Kent Johnson.
2:50 of 3rd period - Stopped by Sam Montembeault without a rebound.
2:51 of 3rd period - Casey Mittelstadt wins face-off versus Andrew Copp in Senators zone.
3:01 of 3rd period - Icing by Anthony Cirelli.
3:02 of 3rd period - Andrew Copp wins face-off versus Kent Johnson in Senators zone.
3:16 of 3rd period - Icing by Caleb Jones.
3:17 of 3rd period - Nick Bonino wins face-off versus Pius Suter in Rangers zone.
3:22 of 3rd period - Pius Suter is hit by Ryan Lomberg and loses puck.
3:26 of 3rd period - Connor Clifton is hit by Ryan Lomberg and loses puck.
5:03 of 3rd period - Icing by Caleb Jones.
5:04 of 3rd period - Joel Eriksson Ek wins face-off versus Ryan Lomberg in Rangers zone.
5:04 of 3rd period - Joel Eriksson Ek is hit by Riley Stillman.
5:19 of 3rd period - Icing by Riley Stillman.
5:20 of 3rd period - Kent Johnson wins face-off versus Pius Suter in Rangers zone.
5:57 of 3rd period - Shot by Casey Mittelstadt.
5:57 of 3rd period - Shot Blocked by Tomas Tatar.
5:59 of 3rd period - Shot by Anthony Beauvillier.
5:59 of 3rd period - Shot Misses the Net.
6:01 of 3rd period - Shot by Anthony Beauvillier.
6:01 of 3rd period - Stopped by Sam Montembeault with a rebound.
6:09 of 3rd period - Shot by Jesse Puljujarvi.
6:09 of 3rd period - Shot Misses the Net.
6:11 of 3rd period - Shot by Casey Mittelstadt.
6:11 of 3rd period - Shot Misses the Net.
6:13 of 3rd period - Shot by Jesse Puljujarvi.
6:13 of 3rd period - Stopped by Sam Montembeault without a rebound.
6:14 of 3rd period - Luke Kunin wins face-off versus Joel Eriksson Ek in Senators zone.
6:38 of 3rd period - Icing by Rasmus Andersson.
6:39 of 3rd period - Yegor Chinakhov wins face-off versus Joel Eriksson Ek in Senators zone.
7:27 of 3rd period - Shot by Casey Mittelstadt.
7:27 of 3rd period - Shot Misses the Net.
7:34 of 3rd period - Icing by Noah Hanifin.
7:35 of 3rd period - Luke Kunin wins face-off versus Joel Eriksson Ek in Senators zone.
7:39 of 3rd period - Noah Hanifin and Luke Kunin fight to a draw.
7:39 of 3rd period - Penalty to Noah Hanifin for Fighting.
7:39 of 3rd period - Penalty to Luke Kunin for Fighting.
7:40 of 3rd period - Andrew Copp wins face-off versus Casey Mittelstadt in neutral zone.
7:45 of 3rd period - Shot by Anthony Cirelli.
7:45 of 3rd period - Shot Misses the Net.
7:47 of 3rd period - Shot by Scott Laughton.
7:47 of 3rd period - Shot Blocked by Artem Zub.
8:05 of 3rd period - Shot by Anthony Cirelli.
8:05 of 3rd period - Stopped by Logan Thompson without a rebound.
8:06 of 3rd period - Casey Mittelstadt wins face-off versus Luke Glendening in Rangers zone.
8:06 of 3rd period - Casey Mittelstadt is hit by Luke Glendening.
8:12 of 3rd period - Brock McGinn is hit by Adam Erne and loses puck.
8:37 of 3rd period - Shot by Casey Mittelstadt.
8:37 of 3rd period - Deflect By Eric Robinson.
8:37 of 3rd period - Stopped by Sam Montembeault with a rebound.
9:21 of 3rd period - Shot by Andrew Copp.
9:21 of 3rd period - Shot Misses the Net.
9:42 of 3rd period - Anthony Cirelli is hit by Juuso Parssinen and loses puck.
9:44 of 3rd period - Minor Penalty to Erik Johnson for Roughing.
9:45 of 3rd period - Casey Mittelstadt wins face-off versus Luke Glendening in Senators zone.
10:08 of 3rd period - Shot by Kent Johnson.
10:08 of 3rd period - Stopped by Sam Montembeault with a rebound.
10:10 of 3rd period - Shot by Casey Mittelstadt.
10:10 of 3rd period - Stopped by Sam Montembeault without a rebound.
10:11 of 3rd period - Luke Glendening wins face-off versus Juuso Parssinen in Senators zone.
11:09 of 3rd period - Shot by Artem Zub.
11:09 of 3rd period - Stopped by Sam Montembeault with a rebound.
11:11 of 3rd period - Shot by Artem Zub.
11:11 of 3rd period - Shot Blocked by K'Andre Miller.
11:54 of 3rd period - Rasmus Andersson is hit by Riley Stillman and loses puck.
12:30 of 3rd period - Riley Stillman is hit by Matty Beniers and loses puck.
12:56 of 3rd period - Icing by Erik Johnson.
12:57 of 3rd period - Juuso Parssinen wins face-off versus Joel Eriksson Ek in Senators zone.
13:30 of 3rd period - Shot by Yegor Chinakhov.
13:30 of 3rd period - Stopped by Sam Montembeault without a rebound.
13:31 of 3rd period - Kent Johnson wins face-off versus Pius Suter in Senators zone.
13:53 of 3rd period - Shot by Tomas Tatar.
13:53 of 3rd period - Shot Blocked by Mario Ferraro.
14:03 of 3rd period - Shot by Sam Gagner.
14:03 of 3rd period - Stopped by Logan Thompson without a rebound.
14:04 of 3rd period - Casey Mittelstadt wins face-off versus Andrew Copp in Rangers zone.
14:11 of 3rd period - Shot by Anthony Beauvillier.
14:11 of 3rd period - Shot Misses the Net.
14:30 of 3rd period - Jesse Puljujarvi is hit by Connor Clifton and loses puck.
15:09 of 3rd period - Shot by Luke Kunin.
15:09 of 3rd period - Shot Blocked by Anthony Cirelli.
15:11 of 3rd period - Shot by Caleb Jones.
15:11 of 3rd period - Stopped by Sam Montembeault without a rebound.
15:12 of 3rd period - Juuso Parssinen wins face-off versus Luke Glendening in Senators zone.
16:31 of 3rd period - Shot by Nick Bonino.
16:31 of 3rd period - Stopped by Sam Montembeault with a rebound.
16:34 of 3rd period - Icing by Noah Hanifin.
16:35 of 3rd period - Andrew Copp wins face-off versus Anthony Beauvillier in Senators zone.
18:35 of 3rd period - Shot by Tomas Tatar.
18:35 of 3rd period - Stopped by Logan Thompson without a rebound.
18:36 of 3rd period - Luke Glendening wins face-off versus Juuso Parssinen in Rangers zone.
18:39 of 3rd period - Shot by Brock McGinn.
18:39 of 3rd period - Shot Misses the Net.
18:41 of 3rd period - Shot by Brock McGinn.
18:41 of 3rd period - Shot Misses the Net.
18:43 of 3rd period - Shot by Brock McGinn.
18:43 of 3rd period - Stopped by Logan Thompson without a rebound.
18:44 of 3rd period - Pius Suter wins face-off versus Casey Mittelstadt in Rangers zone.
19:21 of 3rd period - Icing by Caleb Jones.
19:22 of 3rd period - Andrew Copp wins face-off versus Casey Mittelstadt in Rangers zone.
Goals for this period are 0 for Rangers vs 0 for Senators.
Shots for this period are 12 for Rangers vs 5 for Senators.